 Dungeon Crawl Stone Soup version 0.31-a0-365-gcf821cafb2 (webtiles) character file.

Game seed: 6473922415295574079

765 lunkers the Martial Artist (level 8, -15/59 HPs)
             Began as a Meteoran Shapeshifter on July 27, 2023.
             Was an Initiate of Trog.
             Demolished by Menkaure (21 damage)
             ... on level 5 of the Dungeon.
             The game lasted 00:04:13 (1344 turns).

lunkers the Martial Artist (Meteoran Shapeshifter)  Turns: 1344, Time: 00:04:14

Health: -15/59     AC:  4    Str: 17    XL:     8   Next: 30%
Magic:  18/18      EV: 12    Int:  9    God:    Trog [......]
Gold:   116        SH:  8    Dex: 17    Spells: 7/7 levels left

rFire   . .          .
                       - Unarmed
rCold   . . .        b - +0 buckler
rNeg    . . .        k - +1 leather armour
rPois   +            (helmet currently unavailable)
rElec   .            (cloak currently unavailable)
rCorr   .            (gloves currently unavailable)
SInv    .            (boots currently unavailable)
Will    +....        (no amulet)
Stlth   +            j - ring of poison resistance
HPRegen 0.29/turn    h - ring of magical power
MPRegen 0.16/turn

%: no passive effects
@: beast-form, glowing
A: beast (slay +2), sense surroundings 1, otherworldly, glowing, explore regen,
large bone plates 1, deterioration 1
a: Begin Untransformation, Renounce Religion


You were on level 5 of the Dungeon.
You worshipped Trog.
Trog was noncommittal.
You were a hulking beast.
You visited 1 branch of the dungeon, and saw 5 of its levels.

You collected 116 gold pieces.

Inventory:

Armour
 b - a +0 buckler (worn)
 i - a +0 tower shield
 k - a +1 leather armour (worn)
Jewellery
 h - a ring of magical power (right hand)
 j - a ring of poison resistance (left hand)
Talismans
 c - a beast talisman
Scrolls
 a - a scroll of enchant armour
 d - a scroll of revelation {unknown}


   Skills:
 - Level 1.1 Fighting
 - Level 2.4 Dodging
 * Level 10.7 Unarmed Combat
 - Level 3.6 Shapeshifting


You had 7 spell levels left.
You didn't know any spells.
Your spell library contained the following spells:

 Spells                   Type           Power      Damage    Failure   Level
 Ensorcelled Hibernation  Hex/Ice        0%         N/A       69%         2
 Passwall                 Tmut/Erth      0%         N/A       69%         2
 Swiftness                Air            0%         N/A       89%         3


Dungeon Overview and Level Annotations

Branches:
Dungeon (5/15) Zot: 1680
 Temple: D:4-7

Altars:
Qazlal
Trog
The Shining One

Shops:
D:1 (

Annotations:
D:1 1 transporter
D:5 Menkaure


Innate Abilities, Weirdness & Mutations

You are a hulking beast.
Your limbs bulge with bestial killing power. (Slay +2)
You passively map a small area around you.
You are easily found by Zot.
You glow in the dark.
You regain HP and MP as you explore.
You are partially covered in large bone plates. (SH +4)
Your body sometimes deteriorates upon taking damage.


Message History

You punch the orc!
You kill the orc!
Trog accepts your kill.
You barely miss the orc. The orc hits you with a +0 hand axe!
* * * LOW HITPOINT WARNING * * *
You punch the orc!
You kill the orc!
Trog accepts your kill.
You closely miss the orc. The orc closely misses you.
Unknown command.
You hit the orc.
The orc is almost dead.
The orc completely misses you.
You hit the orc.
You kill the orc!
Trog accepts your kill.
Menkaure casts a spell.
Menkaure seems to speed up.
The orc priest invokes the aid of Beogh against you.
Pain shoots through your body!
* * * LOW HITPOINT WARNING * * *
You hit the orc.
The orc is moderately wounded.
The orc priest calls upon Beogh to heal the orc.
The orc's wounds heal themselves!
The orc hits you but does no damage.
You punch the orc!
You kill the orc!
Trog accepts your kill.
You punch the orc priest!
You kill the orc priest!
Trog accepts your kill.
You hit Menkaure.
Menkaure is moderately damaged.
Menkaure gestures at you while chanting.
Pain shoots through your body!
* * * LOW HITPOINT WARNING * * *
You punch Menkaure!
Menkaure is heavily damaged.
Menkaure hits you!!
You die...

.######## ####### ## *
........# #.....###.#
........# ###.....##..#
........###..........#*
........Mh...........#
.......####..........#
, , .......
##..........# ......#
#.......))..# ......
#.).....)...### .....#
#>............## , ,
..... #..............##
....# #................
,, #............#...


You could see Menkaure (fast).

Vanquished Creatures
  Sigmund (D:3)
  An ice beast (D:5)
  An ogre (D:5)
  A centaur (D:4)
  2 hounds
  An orc priest (D:5)
  An iguana (D:4)
  3 orc wizards
  4 adders
  3 gnolls (D:2)
  A white imp (D:5)
  A worm (D:3)
  A dart slug (D:3)
  13 orcs
  7 endoplasms
  3 giant cockroaches
  4 goblins
  7 hobgoblins
  4 jackals (D:3)
  6 quokkas
  3 ball pythons (D:4)
  3 bats
  A frilled lizard (D:1)
  2 kobolds
  A rat (D:2)
75 creatures vanquished.

Notes
Turn   | Place    | Note
-------+----------+-------------------------------------------
     0 | D:1      | lunkers the Meteoran Shapeshifter began the quest for the
                  | Orb.
     0 | D:1      | Reached XP level 1. HP: 16/16 MP: 2/2
    85 | D:1      | Reached skill level 4 in Unarmed Combat
    87 | D:1      | Reached XP level 2. HP: 15/23 MP: 3/3
   223 | D:1      | Found a transporter.
   228 | D:1      | Found Sooreu's Weapon Shoppe.
   450 | D:2      | Reached XP level 3. HP: 21/28 MP: 4/4
   472 | D:2      | Reached skill level 5 in Unarmed Combat
   477 | D:2      | Reached XP level 4. HP: 9/35 MP: 5/5
   615 | D:3      | Reached skill level 6 in Unarmed Combat
   623 | D:3      | Reached XP level 5. HP: 15/40 MP: 6/6
   655 | D:3      | Noticed Sigmund
   661 | D:3      | Killed Sigmund
   662 | D:3      | Reached skill level 8 in Unarmed Combat
   662 | D:3      | Reached XP level 6. HP: 41/47 MP: 7/7
   842 | D:4      | Reached XP level 7. HP: 22/52 MP: 8/8
   901 | D:4      | Reached skill level 9 in Unarmed Combat
   996 | D:4      | Identified the +0 ring mail of Midwinter {Harm rElec rF+
                  | Dex-3}
  1077 | D:5      | Entered Level 5 of the Dungeon
  1175 | D:5      | Found a bloodstained altar of Trog.
  1178 | D:5      | Found a stormy altar of Qazlal.
  1181 | D:5      | Found a glowing golden altar of the Shining One.
  1208 | D:5      | Reached skill level 10 in Unarmed Combat
  1208 | D:5      | Reached XP level 8. HP: 48/59 MP: 9/9
  1229 | D:5      | Became a worshipper of Trog the Wrathful
  1326 | D:5      | Noticed Menkaure
  1331 | D:5      | Gained mutation: Your body sometimes deteriorates upon
                  | taking damage. [potion of mutation]
  1331 | D:5      | Gained mutation: You are partially covered in large bone
                  | plates. (SH +4) [potion of mutation]
  1344 | D:5      | Demolished by Menkaure

Illustrated notes

Levels and vault maps discovered:
D:1:      dpeg_arrival_simpleton_b, layout_rooms,
          hellmonk_ecumenical_altar_lost_god, serial_shops,
          nicolae_shop_drivethru, minmay_surrounded
D:2:      layout_basic
D:3:      layout_basic, fedhas_altar_1, minmay_cut_off, uniq_sigmund
D:4:      layout_rooms, fiery_altar_vehumet, serial_shops, shop
D:5:      layout_cave_pods, grunt_temple_overflow_diamond, uniq_menkaure

Skill      XL: |  1  2  3  4  5  6  7 |
---------------+----------------------+-----
Unarmed Combat | 4 5 6 8 10 | 10.7
Fighting       | |  1.1
Dodging        | |  2.4
Shapeshifting  | |  3.6

Action                     |  1- 3 |  4- 6 |  7- 9 || total
---------------------------+-------+-------+-------++-------
  Melee: Unarmed           |    53 |    68 |    78 ||   199
         Punch             |     2 |     1 |       ||     3
    Use: Scroll            |       |     3 |       ||     3
         Potion            |       |     1 |     1 ||     2
 Armour: Animal skin       |    17 |     9 |       ||    26
         Skin              |       |     9 |       ||     9
         Leather armour    |       |    13 |    16 ||    29
  Dodge: Dodged            |    20 |    27 |    27 ||    74
  Block: Buckler           |       |       |    14 ||    14

Table legend: (Time is in decaauts)
 A = Elapsed time spent in this place.
 B = Non-inter-level travel time spent in this place.
 C = Inter-level travel time spent in this place.
 D = Time resting spent in this place.
 E = Time spent auto-exploring this place.
 F = Levels seen in this place.
 G = Mean time per level.
                   A        B        C        D        E       F      G
               +--------+--------+--------+--------+--------+-----+--------+
         Total |   1318 |   1214 |    104 |      0 |    738 |   5 |  263.6 |
       Dungeon |   1318 |   1214 |    104 |      0 |    738 |   5 |  263.6 |
               +--------+--------+--------+--------+--------+-----+--------+

Top non-repeatable levels by time:
     D:4: 306 daAuts
     D:1: 265 daAuts
     D:5: 259 daAuts
     D:2: 256 daAuts
     D:3: 230 daAuts
